AoeStats
← changochan

Arabia

503293446Analyzed
1v1 RM · 2mo ago on Aug 31, 2026· 57m 3s· 2 players
Game mode
Random Map
Map size
Tiny (2 player)
Population
200
Speed
Normal
Resources
Standard
Victory
Conquest
Starting age
Dark Age
Ending age
Imperial Age
RankedLock teamsTeams togetherTeam positionsShared explorationLock speedFull tech treeHidden civsTurbo modeCheats
Victory
Defeat
🇦🇷 Ethiopians · Argentina
1027
+14
vs
🇦🇷 Britons · Argentina
993
-14
changochan
3:00 Loom
11:41 Feudal Age
11:44 Man-at-Arms
18:19 Fletching
19:18 Padded Archer Armor
23:59 Scale Mail Armor
27:38 Castle Age
27:42 Crossbowman
28:26 Bodkin Arrow
32:39 Leather Archer Armor
35:35 Town Watch
35:41 Double-Bit Axe
35:51 Horse Collar
36:07 Gold Mining
38:54 Imperial Age
38:17 Ballistics
39:00 Arbalester
40:00 Bracer
45:37 Ring Archer Armor
46:19 Chemistry
ElNegro
3:53 Loom
6:00 Loom
9:08 Feudal Age
21:49 Castle Age
21:59 Crossbowman
22:46 Thumb Ring
23:08 Fletching
26:43 Double-Bit Axe
29:15 Bodkin Arrow
33:46 Padded Archer Armor
37:14 Ballistics
38:15 Squires
38:21 Horse Collar
39:43 Elite Skirmisher
44:29 Imperial Age
45:00 Leather Archer Armor
45:30 Wheelbarrow
44:42 Town Watch
46:25 Chemistry
47:16 Forging
47:06 Scale Mail Armor
50:41 Bow Saw
51:44 Arson
55:47 Bracer
Connection lost

Rejoining the realm…

Still unreachable

The connection could not be restored.

Session expired

The server has moved on; the page needs a fresh start.